 Dungeon Crawl Stone Soup version 0.25-a0-426-g7d9e569eea (webtiles) character file.

Game seed: 6275679091042263405, levelgen mode: deterministic

4335 Conn the Thaumaturge (level 10, -1/64 (65) HPs)
             Began as an Octopode Wizard on Jan 25, 2020.
             Slain by an orc wizard
             ... wielding a +2 dagger of electrocution
              (20 damage)
             ... on level 8 of the Dungeon.
             The game lasted 00:50:53 (10541 turns).

Conn the Thaumaturge (Octopode Wizard)             Turns: 10541, Time: 00:50:53

HP:   -1/64 (65)    AC:  3    Str: 10    XL:     10   Next: 33%
MP:   16/22         EV: 13    Int: 21    God:
Gold: 391           SH:  0    Dex: 10    Spells: 3/25 levels left

rFire    x . .     SeeInvis .   q - +3 dagger (holy)
rCold    + . .     Gourm    .   (no shield)
rNeg     + . .     Faith    .   n - +2 hat
rPois    .         Spirit   .   (no amulet)
rElec    .         Reflect  .   i - ring of positive energy
rCorr    .         Harm     .   r - ring of protection from magic (curse)
MR       +....                  w - ring of ice
Stlth    ++++......             (no ring)
HPRegen  0.20/turn              (no ring)
MPRegen  0.18/turn              (no ring)
                                (no ring)
                                (no ring)

@: no status effects
A: almost no armour, stealthy swim, amphibious, 8 rings, constrict 8, camouflage
1, gelatinous body 1
a: no special abilities


You were on level 8 of the Dungeon.
You were not hungry.

You visited 2 branches of the dungeon, and saw 9 of its levels.

You collected 391 gold pieces.

Inventory:

Hand Weapons
 g - a +0 short sword
 q - a +3 dagger of holy wrath (weapon)
 D - a +0 dagger of electrocution
Missiles
 e - 34 poisoned darts
 t - 3 boomerangs of dispersal (quivered)
 u - 5 silver boomerangs
Armour
 n - a +2 hat (worn)
 y - a +0 buckler
Jewellery
 i - a ring of positive energy (left tentacle)
 r - a cursed ring of protection from magic (right tentacle)
 w - a ring of ice (on tentacle)
Wands
 z - a wand of disintegration (12)
 C - a wand of acid (6)
Scrolls
 a - a scroll of fog
 d - 6 scrolls of identify
 f - 2 scrolls of magic mapping
 h - 3 scrolls of enchant armour
 l - 5 scrolls of teleportation
Potions
 b - 2 potions of magic
 j - 2 potions of cancellation
 k - 3 potions of flight
 m - 2 potions of haste
 p - 6 potions of curing
 s - 3 potions of heal wounds {unknown}
 v - a potion of lignification
 x - a potion of agility {unknown}
 B - a potion of resistance {unknown}
 E - a potion of degeneration {unknown}
Comestibles
 c - 8 rations
 A - 3 chunks of flesh


   Skills:
 * Level 4.7 Fighting
 + Level 3.3 Short Blades
 + Level 2.9 Dodging
 + Level 6.0 Stealth
 * Level 8.0 Spellcasting
 * Level 6.0 Conjurations
 + Level 0.6 Charms
 + Level 2.1 Summonings
 - Level 5.0 Translocations
 + Level 0.8 Transmutations
 + Level 0.7 Fire Magic
 + Level 2.1 Air Magic
 * Level 5.0 Poison Magic


You had 3 spell levels left.
You knew the following spells:

 Your Spells              Type           Power        Failure   Level  Hunger
a - Magic Dart            Conj           ####         1%          1    None
b - Blink                 Tloc           N/A          1%          2    None
c - Call Imp              Summ           ###.....     4%          2    None
d - Mephitic Cloud        Conj/Pois/Air  ####....     4%          3    None
e - Conjure Flame         Conj/Fire      ###.....     6%          3    None
f - Shroud of Golubria    Chrm/Tloc      ###...       3%          2    None
g - Teleport Other        Tloc           ####....     3%          3    None
h - Sting                 Tmut/Pois      ###.         2%          1    None
i - Poisonous Vapours     Pois/Air       ###...       2%          2    None
j - Ignite Poison         Fire/Tmut/Pois ###.....     10%         3    None

Your spell library contained the following spells:

 Spells                   Type           Power        Failure   Level  Hunger
 Gell's Gravitas          Tloc           ####......   3%          3    None
 Lesser Beckoning         Tloc           ####......   3%          3    None
 Beastly Appendage        Tmut           ##....       5%          1    None
 Spider Form              Tmut/Pois      ###.......   7%          3    None
 Sticks to Snakes         Tmut           ##......     9%          2    None
 Slow                     Hex            #.......     12%         2    None
 Olgreb's Toxic Radiance  Pois           ####....     10%         4    ###....
 Passage of Golubria      Tloc           N/A          10%         4    ###....
 Ice Form                 Ice/Tmut       ###.....     54%         4    ###....
 Blade Hands              Tmut           ##........   83%         5    #####..


Dungeon Overview and Level Annotations

Branches:
Dungeon (8/15)             Temple (1/1) D:7
   Lair: D:8-11

Altars:
Ashenzari
Cheibriados
Dithmenos
Elyvilon
Fedhas
Gozag
Hepliaklqana
Kikubaaqudgha
Makhleb
Nemelex Xobeh
Okawaru
Ru
Trog
Uskayaw
Vehumet
Wu Jian
Xom
Yredelemnul
Zin
The Shining One

Portals:
Abyss: D:3

Annotations:
D:3 swagumen's ghost, amateur HOMo


Innate Abilities, Weirdness & Mutations

You cannot wear most types of armour.
You are very stealthy in the water. (Stealth+)
You are amphibious.
You can wear up to eight rings at the same time.
You can use your tentacles to constrict eight enemies at once.
Your skin changes colour to match your surroundings (Stealth+).
Your rubbery body absorbs attacks. (AC +1, EV +1)


Message History

Your Stealth skill increases to level 6!
Your Poison Magic skill increases to level 5!
Casting: Ignite Poison (safe; 10% risk of failure)
Confirm with . or Enter, or press ? or * to list all spells.
Aiming: Mephitic Cloud (safe; 4% risk of failure)
Press: ? - help, Shift-Dir - straight line
Okay, then.
The orc wizard mumbles some strange words.
The orc wizard seems to speed up.
You feel sick.
You feel sick.
There is a stone staircase leading down here.
You start resting.
Eating one of 4 chunks of flesh.
You eat one of the 4 chunks of flesh.
This raw flesh tastes terrible.
You feel sick.
You are no longer poisoned.
The orc wizard hits you with a +2 dagger of electrocution.
* * * LOW HITPOINT WARNING * * *
You are electrocuted!!
You die...

##.#..# #...# ####..##.#
#.#.# ######....###.#
#.#.# ...#..#### #.###.#.#
#.#.## ##.......# ##....##
##..#.##### #......#
#...#.#
..#.###......###.#.#.#
#.........#.@o.#...#.#
..##...##.#..###.#..##.#
#.#....## #.##........##.#
.....#...##.#####........#
....................##
..#.#.##.##.....#........#
....#
#..#.o###>....[....###
####... #.†##
#####...#...<## #.# ##)##
##..#.#...#####


You could see an orc wizard.

Vanquished Creatures
  Pikel (D:6)
  A hornet (D:8)
  Grinder (D:6)
  Prince Ribbit (D:5)
  A yak (D:8)
  Menkaure (D:6)
  A small abomination (D:3)
  3 porcupines (D:8)
  An orc warrior (D:8)
  3 ice beasts
  4 black bears
  A phantom (D:7)
  3 ogres
  2 slaves (D:6)
  4 centaurs
  A crocodile (D:8)
  A big kobold (D:7)
  2 scorpions (D:8)
  4 killer bees
  A howler monkey (D:7)
  2 crimson imps (D:5)
  A bullfrog zombie (D:5)
  4 hounds
  3 jellies
  3 orc wizards
  3 orc priests
  4 worker ants
  An iguana (D:8)
  3 gnolls (D:2)
  9 adders
  2 adder zombies
  A worm (D:3)
  5 dart slugs
  4 leopard geckos
  36 orcs
  A ball python (D:2)
  12 bats
  7 giant cockroaches
  7 hobgoblins
  21 jackals
  11 kobolds
  5 quokkas
  3 frilled lizards
  7 goblins
  2 jackal skeletons
  9 rats
203 creatures vanquished.

Vanquished Creatures (collateral kills)
  A necrophage (D:7)
  A bullfrog (D:3)
  A killer bee (D:7)
  A hound (D:7)
  An adder (D:3)
5 creatures vanquished.

Vanquished Creatures (others)
  2 killer bees
  A hound (D:6)
  A worker ant (D:6)
  42 fungi (D:8)
  15 plants (D:8)
61 creatures vanquished.

Grand Total: 269 creatures vanquished

Notes
Turn   | Place    | Note
-------+----------+-------------------------------------------
     0 | D:1      | Conn the Octopode Wizard began the quest for the Orb.
     0 | D:1      | Reached XP level 1. HP: 11/11 MP: 4/4
   100 | D:1      | Reached XP level 2. HP: 17/17 MP: 3/6
   130 | D:1      | Learned a level 2 spell: Blink
   133 | D:1      | Learned a level 2 spell: Call Imp
   739 | D:1      | Reached XP level 3. HP: 22/22 MP: 2/8
  1385 | D:2      | Learned a level 3 spell: Mephitic Cloud
  1681 | D:2      | Reached skill level 1 in Poison Magic
  1681 | D:2      | Reached XP level 4. HP: 23/27 MP: 7/9
  2042 | D:2      | Reached skill level 1 in Short Blades
  2526 | D:2      | Reached XP level 5. HP: 30/32 MP: 10/10
  2592 | D:3      | Noticed a small abomination
  2816 | D:3      | Reached skill level 4 in Spellcasting
  2942 | D:3      | Found a bloodstained altar of Trog.
  2942 | D:3      | Found a shadowy altar of Dithmenos.
  3034 | D:3      | Reached skill level 1 in Fighting
  3371 | D:3      | Found a transporter.
  3381 | D:3      | Found a transporter.
  3386 | D:3      | Found a one-way gate to the infinite horrors of the Abyss.
  3386 | D:3      | Noticed swagumen's ghost (amateur HOMo)
  3387 | D:3      | Noticed a small abomination
  3405 | D:3      | Learned a level 3 spell: Conjure Flame
  3752 | D:3      | Noticed a centaur
  3763 | D:3      | Killed a centaur
  3763 | D:3      | Reached XP level 6. HP: 32/38 MP: 2/12
  3901 | D:3      | Killed a small abomination
  3901 | D:3      | Reached skill level 1 in Air Magic
  4397 | D:4      | Reached XP level 7. HP: 43/43 MP: 5/14
  4831 | D:4      | Learned a level 2 spell: Shroud of Golubria
  5171 | D:4      | Found a bloodstained altar of Trog.
  5679 | D:5      | Entered Level 5 of the Dungeon
  5710 | D:5      | Noticed Prince Ribbit
  5728 | D:5      | Killed Prince Ribbit
  5728 | D:5      | Reached skill level 5 in Spellcasting
  6012 | D:5      | Reached XP level 8. HP: 38/51 MP: 1/15
  7105 | D:6      | Noticed Grinder
  7210 | D:5      | Learned a level 3 spell: Gell's Gravitas
  7225 | D:6      | Paralysed by Grinder for 6 turns
  7409 | D:6      | Killed Grinder
  7409 | D:6      | Reached skill level 6 in Spellcasting
  7573 | D:6      | Noticed Pikel
  7595 | D:6      | Killed Pikel
  7595 | D:6      | Reached XP level 9. HP: 25/58 MP: 4/19
  7924 | D:6      | Learned a level 3 spell: Teleport Other
  7972 | D:6      | Noticed Menkaure
  7978 | D:6      | Reached skill level 5 in Conjurations
  8091 | D:6      | HP: 1/58 [Menkaure (20)]
  8116 | D:6      | Killed Menkaure
  8116 | D:6      | Reached skill level 5 in Stealth
  8555 | D:7      | Reached skill level 7 in Spellcasting
  9142 | D:7      | Learned a level 1 spell: Sting
  9145 | D:7      | Learned a level 2 spell: Poisonous Vapours
  9149 | D:7      | Learned a level 3 spell: Ignite Poison
  9799 | D:7      | Found a staircase to the Ecumenical Temple.
  9805 | Temple   | Entered the Ecumenical Temple
  9973 | D:8      | Noticed a hornet
 10216 | D:8      | Reached skill level 5 in Translocations
 10345 | D:8      | Reached XP level 10. HP: 57/64 MP: 18/21
 10529 | D:8      | Reached skill level 8 in Spellcasting
 10529 | D:8      | Reached skill level 5 in Poison Magic
 10541 | D:8      | Slain by an orc wizard

Levels and vault maps discovered:
D:1:      mainiacjoe_arrival_reflecting_pool, layout_basic, serial_corexii_hall,
          corexii_hall_statues_x, corexii_hall_statues_i
D:2:      layout_loops_ring, hangedman_feature_mirror
D:3:      layout_rooms, grunt_temple_overflow_open,
          gammafunk_ghost_abyssal_escape
D:4:      layout_loops_ring, trog_book
D:5:      lemuel_ice_spiral_2, layout_basic, first_ration, uniq_prince_ribbit1
D:6:      layout_gridville, uniq_grinder, uniq_menkaure, uniq_pikel
D:7:      layout_gridville, minmay_temple_entry_fiery
D:8:      layout_rooms, lemuel_doored_altar, due_lair_maze_entry_diamond,
          serial_shops, shop, basic_altar, ebering_ghost_inner_flame,
          the_bakery, lemuel_flamethrower_1
Temple:   compressed_dpeg_circular_temple

Skill      XL: |  1  2  3  4  5  6  7  8  9 10 |
---------------+-------------------------------+-----
Stealth        | 3 4 5 6 |  6.0
Poison Magic   | 1 2 3 5 |  5.0
Short Blades   | 1 3 |  3.3
Spellcasting   | 4 5 6 7 8 |  8.0
Conjurations   | 2 3 4 5 6 |  6.0
Fighting       | 1 2 4 |  4.7
Translocations | 2 3 4 5 |  5.0
Air Magic      | 1 2 |  2.1
Summonings     | 2 |  2.1
Dodging        | |  2.9
Charms         | |  0.6
Transmutations | |  0.8
Fire Magic     | |  0.7

Action                   |  1- 3 |  4- 6 |  7- 9 | 10-12 || total
-------------------------+-------+-------+-------+-------++-------
Melee: Unarmed           |    10 |       |       |       ||    10
       Constrict         |    21 |    13 |    51 |     3 ||    88
       Tentacles         |     9 |     9 |    44 |     3 ||    65
       Short sword       |    61 |    56 |       |       ||   117
       Dagger            |       |     8 |   234 |    22 ||   264
 Cast: Magic Dart        |    27 |    82 |   129 |     7 ||   245
       Call Imp          |     3 |     8 |    21 |       ||    32
       Mephitic Cloud    |       |     5 |    31 |     9 ||    45
       Blink             |       |     7 |     5 |       ||    12
       Conjure Flame     |       |     3 |     3 |       ||     6
       Shroud of Golubri |       |       |     8 |       ||     8
       Gell's Gravitas   |       |       |     3 |       ||     3
       Ignite Poison     |       |       |     4 |     2 ||     6
       Poisonous Vapours |       |       |     2 |       ||     2
  Use: Scroll            |       |     5 |    10 |       ||    15
       Potion            |       |     5 |     2 |     1 ||     8
 Stab: Sleeping          |     9 |     6 |    10 |       ||    25
       Confused          |       |     2 |     8 |     1 ||    11
       Distracted        |       |       |     2 |       ||     2
  Eat: Chunk             |     2 |     6 |    16 |     1 ||    25
       Ration            |       |     1 |     1 |       ||     2
Armor: Skin              |     7 |    11 |    33 |     2 ||    53
Dodge: Dodged            |    58 |    41 |   139 |    26 ||   264

Table legend:
 A = Non-vault XP
 B = Vault XP
 C = Vault XP percentage of total XP
 D = Non-vault monster count
 E = Vault monster count
 F = Vault count percentage of total count
                 A         B        C        D         E       F
            +---------+---------+-------+---------+---------+-------
      Total |    3909 |    2284 |  36.9 |     190 |      18 |   8.7
            +---------+---------+-------+---------+---------+-------
        D:1 |      50 |       0 |   0.0 |      28 |       0 |   0.0
        D:2 |     112 |       4 |   3.4 |      27 |       2 |   6.9
        D:3 |     296 |     139 |  32.0 |      29 |       2 |   6.5
        D:4 |     211 |       0 |   0.0 |      26 |       0 |   0.0
        D:5 |     640 |     158 |  19.8 |      27 |       1 |   3.6
        D:6 |     648 |    1063 |  62.1 |      10 |       3 |  23.1
        D:7 |     994 |       0 |   0.0 |      29 |       0 |   0.0
        D:8 |     958 |     920 |  49.0 |      14 |      10 |  41.7
            +---------+---------+-------+---------+---------+-------
